 Dungeon Crawl Stone Soup version 0.27-a0-277-g024f7ef292 (webtiles) character file.

Game seed: 1855113695221286975

516 Borgoz the Cudgeller (level 7, -10/44 HPs)
             Began as a Gargoyle Gladiator on Feb 6, 2021.
             Mangled by an ogre
             ... wielding a +0 giant spiked club
              (25 damage)
             ... on level 5 of the Dungeon.
             The game lasted 00:08:17 (4644 turns).

Borgoz the Cudgeller (Gargoyle Gladiator)           Turns: 4644, Time: 00:08:18

Health: -10/44     AC: 12    Str: 18    XL:     7   Next: 20%
Magic:  7/7        EV: 13    Int:  8    God:
Gold:   181        SH:  0    Dex: 19    Spells: 6/6 levels left

rFire    . . .     SeeInvis .   a - +1 flail
rCold    . . .     Faith    .   (no shield)
rNeg     + . .     Spirit   .   f - +0 ring mail
rPois    ∞         Reflect  .   c - +0 helmet
rElec    +         Harm     .   (no cloak)
rCorr    .         Rampage  .   s - +0 pair of gloves
Will     .....                  (no boots)
Stlth    +.........             (no amulet)
HPRegen  0.14/turn              l - +6 ring of dexterity
MPRegen  0.10/turn              (no ring)

@: hasted, very quick
A: negative energy resistance 1, electricity resistance, unbreathing,
petrification resistance, miasma immunity, AC +4
a: no special abilities


You were on level 5 of the Dungeon.
You visited 1 branch of the dungeon, and saw 5 of its levels.
You also visited: Sewer.

You collected 181 gold pieces.

Inventory:

Hand Weapons
 a - a +1 flail (weapon)
Armour
 c - a +0 helmet (worn)
 f - a +0 ring mail (worn)
 s - a +0 pair of gloves (worn)
Jewellery
 l - a +6 ring of dexterity (left hand)
Scrolls
 e - 2 scrolls of teleportation
 g - 2 scrolls of remove curse
 h - a scroll of identify
 i - a scroll of enchant weapon
 k - 2 scrolls of fog
 n - a scroll of fear
Potions
 b - 2 potions of magic
 j - 3 potions of cancellation
 m - a potion of brilliance
 o - 4 potions of curing
 p - a potion of haste
 q - a potion of heal wounds


   Skills:
 + Level 4.5 Fighting
 + Level 4.7 Maces & Flails
 - Level 1.7 Throwing
 + Level 3.7 Armour
 + Level 3.9 Dodging


You had 6 spell levels left.
You didn't know any spells.
Your spell library was empty.

Dungeon Overview and Level Annotations

Branches:
Dungeon (5/15)              Sewer (visited)
 Temple: D:4-7

Altars:
Fedhas
Sif Muna
Wu Jian
Xom
The Shining One


Innate Abilities, Weirdness & Mutations

You are resistant to torment.
Your stone body is resilient. (AC +4)
You are immune to poison.
You resist negative energy. (rN+)
You are resistant to electric shocks. (rElec)
You can survive without breathing.
You are immune to petrification.
You are immune to miasma.


Message History

You feel much better. The sky beast hits you. The sky beast shocks you.
You resist.
The ogre hits you with a +0 giant spiked club!!
You feel yourself speed up.
The sky beast hits you but does no damage.
You hit the ogre.
The ogre is heavily wounded.
The ogre closely misses you. The sky beast barely misses you.
You barely miss the ogre.
The ogre is heavily wounded.
The sky beast hits you. The sky beast shocks you. You resist.
You hit the ogre.
The ogre is severely wounded.
The ogre misses you.
You hit the ogre.
The ogre is severely wounded.
The sky beast misses you.
The ogre hits you with a +0 giant spiked club!!
Ouch! That really hurt!
You die...

#
#####)####
#O(<.....#
#O#.#.##.#
#@Y## .#
#.....#..
.....#.#.#
##.....# #
#..#.##
#.....
##...##
.##


You could see a sky beast and 2 ogres.

Vanquished Creatures
  Sigmund (D:2)
  2 hounds (D:4)
  An orc priest (D:4)
  3 orc wizards
  2 worker ants (D:4)
  5 adders
  2 oozes
  3 worms
  2 dart slugs
  A leopard gecko (D:3)
  4 orcs
  5 giant cockroaches
  7 hobgoblins
  10 jackals
  11 kobolds
  A quokka (D:3)
  3 ball pythons
  7 bats
  6 frilled lizards
  7 goblins
  6 rats
89 creatures vanquished.

Vanquished Creatures (others)
  7 fungi (D:5)
  5 plants (Sewer)
12 creatures vanquished.

Grand Total: 101 creatures vanquished

Notes
Turn   | Place    | Note
-------+----------+-------------------------------------------
     0 | D:1      | Borgoz the Gargoyle Gladiator began the quest for the Orb.
     0 | D:1      | Reached XP level 1. HP: 12/12 MP: 1/1
   341 | D:1      | Reached XP level 2. HP: 18/18 MP: 2/2
   577 | D:1      | Reached skill level 1 in Armour
   799 | D:2      | Reached XP level 3. HP: 5/22 MP: 3/3
  1003 | D:2      | You fall into a shaft and drop 1 floor!
  1049 | D:3      | Reached XP level 4. HP: 8/27 MP: 4/4
  1526 | D:2      | Found a glowing golden altar of the Shining One.
  1526 | D:2      | Found an ornate altar of the Wu Jian Council.
  1652 | D:2      | Noticed Sigmund
  1692 | D:2      | Killed Sigmund
  1693 | D:2      | Reached XP level 5. HP: 26/33 MP: 5/5
  1693 | D:2      | Reached XP level 6. HP: 30/38 MP: 6/6
  2262 | D:2      | Found a shimmering blue altar of Sif Muna.
  3027 | D:4      | Found a glowing drain.
  3043 | Sewer    | Entered a sewer
  3992 | D:4      | Reached XP level 7. HP: 43/44 MP: 7/7
  4567 | D:4      | Found a blossoming altar of Fedhas.
  4567 | D:4      | Found a shimmering altar of Xom.
  4625 | D:5      | Entered Level 5 of the Dungeon
  4644 | D:5      | Mangled by an ogre

Illustrated notes

Levels and vault maps discovered:
D:1:      psy_arrival_fountain, layout_basic
D:2:      layout_loops_cross, grunt_temple_overflow_open, minmay_tetromino_i4,
          uniq_sigmund
D:3:      layout_loops_ring
D:4:      layout_basic, gammafunk_temple_overflow_wave,
          cheibrodos_sewer_entry_bend, minmay_misc_feat_cross
D:5:      layout_loops_corners, serial_aquarium, aquarium_bridge_island_small
          [aquarium_subvault_small_water, aquarium_subvault_bridge,
          aquarium_subvault_bridge, aquarium_subvault_wall,
          aquarium_subvault_wall], aquarium_window_fake,
          aquarium_window_corridor_3, aquarium_window_fake,
          aquarium_window_fake, aquarium_view_2f, aquarium_balcony_3b,
          aquarium_pool_corner, uniq_crazy_yiuf_cottage

Skill      XL: |  1  2  3  4  5  6 |
---------------+-------------------+-----
Armour         | 1 2 3 |  3.7
Fighting       | 3 4 |  4.5
Maces & Flails | 4 |  4.7
Dodging        | 3 |  3.9
Throwing       | |  1.7

Action                   |  1- 3 |  4- 6 |  7- 9 || total
-------------------------+-------+-------+-------++-------
Melee: Flail             |   100 |   239 |    27 ||   366
Throw: Throwing net      |     4 |     2 |     2 ||     8
  Use: Scroll            |     1 |    11 |     3 ||    15
       Potion            |     3 |     2 |     2 ||     7
 Stab: Held in net/web   |     1 |       |       ||     1
       Invisible         |       |     1 |       ||     1
       Sleeping          |       |     1 |       ||     1
Armor: Leather armour    |    61 |    13 |       ||    74
       Ring mail         |       |    79 |     8 ||    87
Dodge: Dodged            |   108 |   184 |    16 ||   308

Table legend: (Time is in decaauts)
 A = Elapsed time spent in this place.
 B = Non-inter-level travel time spent in this place.
 C = Inter-level travel time spent in this place.
 D = Time resting spent in this place.
 E = Time spent auto-exploring this place.
 F = Levels seen in this place.
 G = Mean time per level.
                   A        B        C        D        E       F      G
               +--------+--------+--------+--------+--------+-----+--------+
         Total |   4878 |   4771 |    107 |    796 |   2873 |   6 |  813.0 |
       Dungeon |   3906 |   3799 |    107 |    632 |   2334 |   5 |  781.2 |
         Sewer |    972 |    972 |      0 |    164 |    539 |   1 |  972.0 |
               +--------+--------+--------+--------+--------+-----+--------+

Top non-repeatable levels by time:
     D:2: 1076 daAuts
     D:3: 1027 daAuts
     D:4: 987 daAuts
   Sewer: 972 daAuts
     D:1: 795 daAuts
     D:5: 18 daAuts
